 Dungeon Crawl Stone Soup version 0.26-a0-708-g17f3b190f9 (webtiles) character file.

Game seed: 8165704184885650939

252 dickylongcocking the Insei (level 6, -1/41 HPs)
             Began as an Octopode Transmuter on Oct 27, 2020.
             Slain by a wraith (5 damage)
             ... in an ossuary.
             The game lasted 00:02:29 (3411 turns).

dickylongcocking the Insei (Octopode Transmuter)    Turns: 3411, Time: 00:02:29

Health: -1/41      AC:  1    Str: 10    XL:     6   Next: 14%
Magic:  8/9        EV: 13    Int: 17    God:
Gold:   66         SH:  0    Dex: 12    Spells: 8/9 levels left

rFire    . . .     SeeInvis .     - Unarmed
rCold    . . .     Faith    .   (no shield)
rNeg     . . .     Spirit   .   (helmet currently unavailable)
rPois    .         Reflect  .   (no amulet)
rElec    .         Harm     .   (no ring)
rCorr    .         Rampage  .   (no ring)
MR       .....                  (no ring)
Stlth    ++........             (no ring)
HPRegen  0.13/turn              (no ring)
MPRegen  0.11/turn              (no ring)
                                (no ring)
                                (no ring)

@: appendages (expiring), slowed, lightly drained, very slow
A: almost no armour, stealthy swim, amphibious, 8 rings, constrict 8, tentacle
spike 3, camouflage 1, gelatinous body 1
a: End Transformation


You were in an ossuary.
One of your tentacles had a temporary spike.
You visited 1 branch of the dungeon, and saw 4 of its levels.
You also visited: Ossuary.

You collected 66 gold pieces.

Inventory:

Jewellery
 a - a cursed -4 ring of intelligence {unknown}
 l - an uncursed ring of see invisible
Wands
 j - a wand of polymorph (8)
 q - a wand of disintegration (8)
Scrolls
 b - a scroll of blinking {unknown}
 d - 5 scrolls of teleportation {unknown}
 f - 3 scrolls of remove curse {unknown}
 g - a scroll of random uselessness {unknown}
 h - 5 scrolls of identify {unknown}
 k - 2 scrolls of enchant weapon {unknown}
 n - a scroll of magic mapping {unknown}
 o - 2 scrolls of noise {unknown}
Potions
 c - 2 potions of flight {unknown}
 e - a potion of ambrosia
 i - 2 potions of cancellation
 m - 2 potions of stabbing {unknown}
 p - a potion of curing


   Skills:
 * Level 2.4(2.0) Fighting
 - Level 2.0(1.6) Dodging
 * Level 5.7(5.3) Unarmed Combat
 - Level 2.0(1.6) Spellcasting
 * Level 3.0(2.6) Transmutations


You had 8 spell levels left.
You knew the following spells:

 Your Spells              Type           Power        Failure   Level
a - Beastly Appendage     Tmut           ##....       7%          1

Your spell library contained the following spells:

 Spells                   Type           Power        Failure   Level
 Wereblood                Tmut           ##......     10%         2
 Spider Form              Tmut/Pois      #.........   34%         3
 Ice Form                 Ice/Tmut       #.......     75%         4
 Blade Hands              Tmut           ##........   88%         5


Dungeon Overview and Level Annotations

Branches:
Dungeon (4/15)            Ossuary (1/1)
 Temple: D:4-7

Altars:
Dithmenos


Innate Abilities, Weirdness & Mutations

You cannot wear most types of armour.
You are very stealthy in the water. (Stealth+)
You are amphibious.
You can wear up to eight rings at the same time.
You can use your tentacles to constrict eight enemies at once.
Your skin changes colour to match your surroundings (Stealth+).
Your rubbery body absorbs attacks. (AC +1, EV +1)
One of your tentacles bears a large vicious spike.


Message History

Unknown command.
Unknown command.
Okay, then.
Evoke which item? (* to show all) (? for menu, Esc to quit)
Aiming: Disintegrate
Press: ? - help, Shift-Dir - straight line, f/p - wraith
Aim: a wraith (heavily damaged, chance to defeat MR: 30%)
The wraith easily resists.
The wraith hits you!
* * * LOW HITPOINT WARNING * * *
The wraith hits you.
* * * LOW HITPOINT WARNING * * *
The wraith drains your vigour!
You feel as though you will be slow longer.
Unknown command.
Evoke which item? (* to show all) (? for menu, Esc to quit)
Aiming: Disintegrate
Press: ? - help, Shift-Dir - straight line, f/p - wraith
Aim: a wraith (moderately damaged, chance to defeat MR: 30%)
The wraith easily resists.
The wraith hits you.
You die...

#############
............#
##.###.##W@# #
#.# #.#.#.#
#.###.###.###.#
#.............#
#.............#
#.###.....###.#
#.....# #.#
.###.....###.#
#.............#


You could see a wraith.

Vanquished Creatures
  A scorpion (D:2)
  A wight (Ossuary)
  A centaur skeleton (D:3)
  A worker ant zombie (D:3)
  2 adders
  An ufetubus (D:3)
  An adder zombie (Ossuary)
  3 oozes
  3 worms
  2 dart slugs
  2 leopard geckos
  3 giant cockroaches
  2 goblins
  4 hobgoblins
  6 jackals
  2 quokkas (D:3)
  A ball python (D:3)
  A ball python skeleton (Ossuary)
  9 bats
  5 frilled lizards
  A hobgoblin skeleton (Ossuary)
  2 hobgoblin zombies (Ossuary)
  6 kobolds
  A kobold zombie (Ossuary)
  An orc skeleton (Ossuary)
  2 orc zombies (Ossuary)
  7 rats
71 creatures vanquished.

Notes
Turn   | Place    | Note
-------+----------+-------------------------------------------
     0 | D:1      | dickylongcocking the Octopode Transmuter began the quest
                  | for the Orb.
     0 | D:1      | Reached XP level 1. HP: 13/13 MP: 3/3
   368 | D:1      | Reached XP level 2. HP: 17/18 MP: 5/5
   809 | D:1      | Reached skill level 4 in Unarmed Combat
   863 | D:2      | Noticed a scorpion
   865 | D:2      | Reached XP level 3. HP: 20/23 MP: 6/6
   875 | D:2      | Killed a scorpion
   875 | D:2      | Reached skill level 5 in Unarmed Combat
   875 | D:2      | Reached XP level 4. HP: 23/28 MP: 5/7
  1929 | D:3      | Reached XP level 5. HP: 33/33 MP: 8/8
  2234 | D:3      | Found a shadowy altar of Dithmenos.
  2989 | D:4      | Found a sand-covered staircase.
  2995 | Ossuary  | Entered an ossuary
  3166 | Ossuary  | Reached XP level 6. HP: 40/40 MP: 9/9
  3363 | Ossuary  | Noticed a flying skull
  3363 | Ossuary  | Noticed a wraith
  3404 | Ossuary  | Noticed a wraith
  3411 | Ossuary  | Slain by a wraith

Illustrated notes

Levels and vault maps discovered:
D:1:      dpeg_arrival_rooms_with_view, layout_basic, minmay_pentomino_s2
D:2:      layout_basic
D:3:      layout_basic, grunt_dithmenos_smoke_and_mirrors
D:4:      layout_cave_pods, ashenzari_altar_1, enter_ossuary_2,
          minmay_misc_feat_enclosed
Ossuary:  ossuary_due_cavern

Skill      XL: |  1  2  3  4  5 |
---------------+----------------+-----
Unarmed Combat | 4 5 |  5.7
Fighting       | 2 |  2.4
Transmutations | 3 |  3.0
Dodging        | |  2.0
Spellcasting   | |  2.0

Action                   |  1- 3 |  4- 6 || total
-------------------------+-------+-------++-------
Melee: Unarmed           |    48 |   127 ||   175
       Constrict         |    10 |    35 ||    45
       Tentacles         |     6 |    16 ||    22
       Kick              |       |     7 ||     7
       Punch             |       |     5 ||     5
 Cast: Beastly Appendage |     1 |     5 ||     6
Evoke: Wand              |       |     6 ||     6
  Use: Potion            |       |     8 ||     8
 Stab: Sleeping          |     6 |    13 ||    19
Armor: Skin              |     9 |     7 ||    16
Dodge: Dodged            |    39 |    90 ||   129

Table legend: (Time is in decaauts)
 A = Elapsed time spent in this place.
 B = Non-inter-level travel time spent in this place.
 C = Inter-level travel time spent in this place.
 D = Time resting spent in this place.
 E = Time spent auto-exploring this place.
 F = Levels seen in this place.
 G = Mean time per level.
                   A        B        C        D        E       F      G
               +--------+--------+--------+--------+--------+-----+--------+
         Total |   3411 |   3245 |    166 |    413 |   2314 |   5 |  682.2 |
       Dungeon |   2996 |   2830 |    166 |    275 |   2113 |   4 |  749.0 |
       Ossuary |    415 |    415 |      0 |    138 |    201 |   1 |  415.0 |
               +--------+--------+--------+--------+--------+-----+--------+

Top non-repeatable levels by time:
     D:3: 1224 daAuts
     D:2: 852 daAuts
     D:1: 843 daAuts
 Ossuary: 415 daAuts
     D:4: 76 daAuts
